 Dungeon Crawl Stone Soup version 0.29-a0-1023-g6ae1a4a2c7 (webtiles) character file.

Game seed: 18047844966499984860

163 frimble the Digger (level 5, 0/38 HPs)
             Began as a Demonspawn Earth Elementalist on Aug 12, 2022.
             Slain by an orc wizard
             ... wielding a +0 dagger
              (3 damage)
             ... on level 3 of the Dungeon.
             The game lasted 00:03:49 (3183 turns).

frimble the Digger (Demonspawn Earth Elementalist)  Turns: 3183, Time: 00:03:50

Health: 0/38       AC:  2    Str:  9    XL:     5   Next: 20%
Magic:  8/8        EV: 12    Int: 18    God:
Gold:   85         SH:  0    Dex: 13    Spells: 4/8 levels left

rFire   . . .      SeeInvis .   g - +0 short sword
rCold   . . .      Faith    .   (no shield)
rNeg    . . .      Spirit   .   a - +0 robe
rPois   .          Reflect  .   (no helmet)
rElec   .          Harm     .   (no cloak)
rCorr   .          Rampage  .   (no gloves)
Will    .....                   (no boots)
Stlth   ++........              (no amulet)
HPRegen 0.12/turn               (no ring)
MPRegen 0.11/turn               (no ring)

@: no status effects
A: powered by pain 1, demonic magic 2
a: no special abilities


You were on level 3 of the Dungeon.
You visited 1 branch of the dungeon, and saw 3 of its levels.

You collected 127 gold pieces.
You spent 42 gold pieces at shops.

Inventory:

Hand Weapons
 f - a +0 club
 g - a +0 short sword (weapon)
Armour
 a - a +0 robe (worn)
Wands
 p - a wand of roots (9)
Scrolls
 c - 3 scrolls of teleportation {unknown}
 e - a scroll of enchant armour {unknown}
 h - a scroll of magic mapping {unknown}
 i - a scroll of poison {unknown}
 m - 4 scrolls of immolation {unknown}
Potions
 b - a potion of magic
 d - 2 potions of curing
 j - a potion of degeneration {unknown}
 k - a potion of ambrosia {unknown}
 l - a potion of heal wounds {unknown}
 n - 3 potions of lignification {unknown}
 o - a potion of cancellation {unknown}


   Skills:
 + Level 2.0 Fighting
 + Level 1.8 Short Blades
 - Level 1.9 Dodging
 - Level 2.0 Stealth
 - Level 2.1 Spellcasting
 + Level 0.0 Conjurations
 - Level 2.3 Transmutations
 + Level 3.5 Earth Magic


You had 4 spell levels left.
You knew the following spells:

 Your Spells              Type           Power      Damage    Failure   Level
a - Sandblast             Erth           28%        2d8       4%          1
b - Stone Arrow           Conj/Erth      16%        3d8       26%         3

Your spell library contained the following spells:

 Spells                   Type           Power      Damage    Failure   Level
 Passwall                 Tmut/Erth      10%        N/A       9%          2
 Petrify                  Tmut/Erth      12%        N/A       47%         4


Dungeon Overview and Level Annotations

Branches:
Dungeon (3/15)

Altars:

Shops:
D:2 !


Innate Abilities, Weirdness & Mutations

You sometimes gain a little power by taking damage.
Spells you cast may paralyse nearby enemies.


Message History

Press: ? - help, Q - select action, (/) - cycle Shift-Dir - straight line, f - orc, p - orc
Aim: an orc, wielding a +0 whip (82% to hit)
The blast of sand hits the orc.
The orc is heavily wounded.
Malevolent energies surge around you.
The orc suddenly stops moving!
The orc hits you with a +0 mace!
You focus on the pain.
You feel your power returning.
You are too injured to fight recklessly!
The helpless orc fails to defend itself.
You hit the orc.
The orc is heavily wounded.
Something hits you.
The helpless orc fails to defend itself.
You hit the orc.
You kill the orc!
The orc throws a boomerang.
The boomerang barely misses you.
You hear some strange, mumbled words.
Something tries to affect you, but you resist.
Aiming: Sandblast (safe; 4% risk of failure)
Press: ? - help, Q - select action, (/) - cycle Shift-Dir - straight line, f/p - orc
Aim: an orc, wielding a +0 whip (82% to hit)
The blast of sand hits something.
Malevolent energies surge around you.
The orc suddenly stops moving!
The orc suddenly stops moving!
Something hits you. x4
You miss something. Something hits you.
You hear some strange, mumbled words.
A puff of flame appears from out of thin air!
The puff of flame misses you.
You hit something. Something hits you.
* * * LOW HITPOINT WARNING * * *
You hear some strange, mumbled words.
A magic dart appears from out of thin air!
The magic dart hits you.
* * * LOW HITPOINT WARNING * * *
You hit something but do no damage.
The orc is no longer paralysed.
Something hits you.
* * * LOW HITPOINT WARNING * * *
Something hits you.
You die...

....### ##.## ...## #.#
#.## #.# #.# ##'## #.#
##...## #.# ##.....##
#.## ##.......## .
...####.........####...#
......'.........@{o.....
..<##.#.........#{##...#
..###.##.......##o# #
#####.###.....## .#
......# ##...## ..
####### ##'## ## .#
#####.##### .#
#.........# .####
#.###.###.#


You could see 2 orcs.

Vanquished Creatures
  Jessica (D:2)
  Natasha (thrice) (D:2)
  2 adders
  An adder zombie (D:2)
  2 dart slugs
  An orc (D:3)
  4 ball pythons
  A bat skeleton (D:2)
  A bat zombie (D:2)
  5 endoplasms
  2 giant cockroaches
  A goblin (D:1)
  2 hobgoblins
  4 jackals (D:2)
  A kobold (D:1)
  3 quokkas
  A bat (D:1)
  4 rats
39 creatures vanquished.

Vanquished Creatures (others)
  A withered plant (D:2)
1 creature vanquished.

Grand Total: 40 creatures vanquished

Notes
Turn   | Place    | Note
-------+----------+-------------------------------------------
     0 | D:1      | frimble the Demonspawn Earth Elementalist began the quest
                  | for the Orb.
     0 | D:1      | Reached XP level 1. HP: 13/13 MP: 3/3
   442 | D:1      | Reached skill level 1 in Transmutations
   795 | D:1      | Gained mutation: Spells you cast may paralyse adjacent
                  | enemies. [demonic ancestry]
   795 | D:1      | Reached XP level 2. HP: 14/19 MP: 5/5
  1131 | D:1      | Found a faded altar of an unknown god.
  1605 | D:2      | Noticed Jessica
  1699 | D:2      | Killed Jessica
  1700 | D:2      | Reached skill level 1 in Fighting
  1700 | D:2      | Reached skill level 1 in Short Blades
  1700 | D:2      | Reached skill level 3 in Earth Magic
  1700 | D:2      | Gained mutation: Spells you cast may paralyse nearby
                  | enemies. [demonic ancestry]
  1700 | D:2      | Reached XP level 3. HP: 24/26 MP: 3/6
  1768 | D:2      | Noticed Natasha
  1784 | D:2      | Killed Natasha
  1785 | D:2      | Reached XP level 4. HP: 9/32 MP: 4/7
  2247 | D:2      | Noticed Natasha
  2251 | D:2      | Killed Natasha
  2328 | D:2      | Noticed Natasha
  2338 | D:2      | Killed Natasha
  2339 | D:2      | Gained mutation: You sometimes gain a little power by
                  | taking damage. [demonic ancestry]
  2339 | D:2      | Reached XP level 5. HP: 18/38 MP: 5/8
  2557 | D:2      | Found Ruicza's Distillery.
  2860 | D:2      | Bought a potion of curing for 42 gold pieces
  3083 | D:3      | Learned a level 3 spell: Stone Arrow
  3183 | D:3      | Slain by an orc wizard

Illustrated notes

Levels and vault maps discovered:
D:1:      dpeg_chamrin_arrival_tetris, layout_loops_ring,
          shapermc_ecumenical_altar_notcrosses
D:2:      layout_loops_ring, serial_undead, serial_undead_a, serial_undead_f,
          serial_undead_e, serial_undead_d, serial_shops,
          nicolae_shop_window_shopping, grunt_ministairs_6, uniq_natasha,
          uniq_jessica
D:3:      layout_loops_corners, overflow_temple_1_default,
          grunt_decor_one_mirror, kennysheep_minor_cross, uniq_sigmund

Skill      XL: |  1  2  3  4  5 |
---------------+----------------+-----
Transmutations | 1 2 |  2.3
Stealth        | 2 |  2.0
Fighting       | 1 2 |  2.0
Short Blades   | 1 |  1.8
Earth Magic    | 3 |  3.5
Dodging        | |  1.9
Spellcasting   | |  2.1

Action                   |  1- 3 |  4- 6 || total
-------------------------+-------+-------++-------
Melee: Short sword       |    37 |    52 ||    89
       Club              |     5 |       ||     5
       Unarmed           |     2 |       ||     2
 Cast: Sandblast         |    21 |    17 ||    38
 Stab: Sleeping          |     3 |     1 ||     4
       Paralysed         |     1 |     9 ||    10
Armor: Robe              |     4 |    12 ||    16
Dodge: Dodged            |    26 |    35 ||    61

Table legend: (Time is in decaauts)
 A = Elapsed time spent in this place.
 B = Non-inter-level travel time spent in this place.
 C = Inter-level travel time spent in this place.
 D = Time resting spent in this place.
 E = Time spent auto-exploring this place.
 F = Levels seen in this place.
 G = Mean time per level.
                   A        B        C        D        E       F      G
               +--------+--------+--------+--------+--------+-----+--------+
         Total |   3229 |   3217 |     12 |     79 |   2790 |   3 | 1076.3 |
       Dungeon |   3229 |   3217 |     12 |     79 |   2790 |   3 | 1076.3 |
               +--------+--------+--------+--------+--------+-----+--------+

Top non-repeatable levels by time:
     D:1: 1522 daAuts
     D:2: 1507 daAuts
     D:3: 199 daAuts
